 Dungeon Crawl Stone Soup version 0.29.0-13-gc9e81de378 (webtiles) character file.

Game seed: 12457847022528024664

191 SnakkuSnakku7 the Ruffian (level 5, 0/41 HPs)
             Began as a Ghoul Summoner on Sept 10, 2022.
             Killed by divine providence
             ... invoked by an orc priest
              (16 damage)
             ... on level 4 of the Dungeon.
             The game lasted 00:03:15 (3847 turns).

SnakkuSnakku7 the Ruffian (Ghoul Summoner)          Turns: 3847, Time: 00:03:16

Health: 0/41       AC: 10    Str: 14    XL:     5   Next: 70%
Magic:  6/6        EV:  3    Int: 10    God:
Gold:   175        SH:  0    Dex:  9    Spells: 6/7 levels left

rFire   + . .      SeeInvis .     - Unarmed
rCold   . . .      Faith    .   (no shield)
rNeg    + + +      Spirit   .   t - +0 plate armour
rPois   ∞          Reflect  .   (no helmet)
rElec   .          Harm     .   (no cloak)
rCorr   .          Rampage  .   (no gloves)
Will    .....                   (no boots)
Stlth   ..........              (no amulet)
HPRegen 0.00/turn               f - ring of fire
MPRegen 0.10/turn               (no ring)

@: inhibited regen
A: claws 1, cold resistance 1, negative energy resistance 3, inhibited
regeneration, torment resistance 2, devour on kill
a: no special abilities


You were on level 4 of the Dungeon.
You visited 1 branch of the dungeon, and saw 4 of its levels.

You collected 175 gold pieces.

Inventory:

Missiles
 l - 5 boomerangs
 q - 6 poisoned darts (quivered)
Armour
 a - a +0 robe
 i - a +0 pair of gloves
 n - a +0 ring mail
 t - a +0 plate armour (worn)
Jewellery
 f - a ring of fire (left claw)
Scrolls
 c - 2 scrolls of teleportation {unknown}
 d - 7 scrolls of identify {unknown}
 g - a scroll of immolation {unknown}
 j - 2 scrolls of noise {unknown}
 k - a scroll of blinking {unknown}
 m - a scroll of vulnerability {unknown}
 u - a scroll of poison {unknown}
Potions
 b - 2 potions of magic
 e - a potion of haste {unknown}
 h - 3 potions of curing {unknown}
 o - a potion of cancellation {unknown}
 p - a potion of flight {unknown}
 r - a potion of lignification {unknown}
 s - 2 potions of attraction {unknown}


   Skills:
 - Level 1.9 Fighting
 + Level 2.6 Throwing
 - Level 1.7 Dodging
 - Level 2.1 Stealth
 + Level 3.9 Unarmed Combat
 - Level 1.7 Spellcasting
 - Level 3.6 Summonings


You had 6 spell levels left.
You knew the following spells:

 Your Spells              Type           Power      Damage    Failure   Level
a - Summon Small Mammal   Summ           32%        N/A       100%        1

Your spell library contained the following spells:

 Spells                   Type           Power      Damage    Failure   Level
 Slow                     Hex            0%         N/A       100%        1
 Call Imp                 Summ           8%         N/A       100%        2
 Call Canine Familiar     Summ           8%         N/A       100%        3
 Confusing Touch          Hex            0%         N/A       100%        3
 Summon Guardian Golem    Hex/Summ       4%         N/A       100%        3
 Vampiric Draining        Necr           0%         2d6       100%        3
 Summon Lightning Spire   Summ/Air       4%         N/A       100%        4


Dungeon Overview and Level Annotations

Branches:
Dungeon (4/15)
 Temple: D:4-7

Altars:
Ashenzari
Cheibriados
Nemelex Xobeh
Vehumet

Shops:
D:3 :


Innate Abilities, Weirdness & Mutations

You are immune to poison.
You have sharp fingernails.
Your flesh is cold resistant. (rC+)
You are immune to negative energy. (rN+++)
You do not regenerate when monsters are visible.
You are immune to unholy pain and torment.
You thrive by killing the living.


Message History

A ball python comes into view.
You claw the orc!
You kill the orc!
You scratch the ball python.
The ball python is moderately wounded.
The ball python bites you but does no damage.
The ball python grabs you. The ball python constricts you.
You scratch the ball python but do no damage.
You claw the ball python.
You kill the ball python!
The orc priest mumbles some strange prayers to Beogh against you.
Beogh smites you!
You barely miss the orc. The orc hits you but does no damage.
You barely miss the orc. You scratch the orc.
The orc is severely wounded.
The orc hits you but does no damage.
You scratch the orc priest but do no damage.
The orc priest hits you with a +0 hand axe.
The orc hits you with a +0 short sword.
You barely miss the orc priest.
The orc priest hits you with a +0 hand axe.
The orc hits you with a +0 short sword.
You scratch the orc priest but do no damage.
The orc priest hits you with a +0 hand axe.
The orc completely misses you.
You scratch the orc priest but do no damage.
You claw the orc priest.
The orc priest is lightly wounded.
The orc priest calls upon Beogh to heal the orc.
The orc's wounds heal themselves!
The orc completely misses you.
You barely miss the orc priest.
The orc priest is lightly wounded.
The orc priest hits you but does no damage.
The orc hits you with a +0 short sword.
You scratch the orc priest but do no damage.
The orc priest is lightly wounded.
The orc priest calls down the wrath of Beogh upon you.
Beogh smites you!
You die...

..?).. ...... #.
...... #...# ..o.
#...# ##... #...#
#..# #...#
######o###
##...#####.....o@.#
............###.#.#
.......#########....
.......# ##>## #.###
##...### 8...8# .#
#).)# #.....# .#
#.<.# _....._# .#
#.).# ##.....## ##
##...# #8...8#


You could see an orc priest and an orc.

Vanquished Creatures
  An orc priest (D:3)
  A hound (D:4)
  6 adders
  2 worms
  2 dart slugs
  6 orcs
  5 endoplasms
  2 giant cockroaches
  10 goblins
  5 hobgoblins
  4 quokkas
  9 ball pythons
  3 bats (D:2)
  2 frilled lizards
  2 kobolds
  A rat (D:1)
61 creatures vanquished.

Notes
Turn   | Place    | Note
-------+----------+-------------------------------------------
     0 | D:1      | SnakkuSnakku7 the Ghoul Summoner began the quest for the
                  | Orb.
     0 | D:1      | Reached XP level 1. HP: 14/14 MP: 2/2
   448 | D:1      | Reached skill level 1 in Fighting
   448 | D:1      | Reached skill level 1 in Unarmed Combat
   488 | D:1      | Reached XP level 2. HP: 17/23 MP: 3/3
  1863 | D:2      | Reached XP level 3. HP: 24/29 MP: 4/4
  1887 | D:2      | Found a faded altar of an unknown god.
  2287 | D:2      | Reached skill level 1 in Throwing
  2377 | D:2      | Reached XP level 4. HP: 36/36 MP: 5/5
  3287 | D:3      | Found Xuvuom's Book Shoppe.
  3545 | D:4      | Reached XP level 5. HP: 39/41 MP: 6/6
  3802 | D:4      | Found a broken altar of Ashenzari.
  3802 | D:4      | Found a sparkling altar of Nemelex Xobeh.
  3824 | D:4      | Found a snail-covered altar of Cheibriados.
  3826 | D:4      | Found a radiant altar of Vehumet.
  3847 | D:4      | Killed from afar by an orc priest

Illustrated notes

Levels and vault maps discovered:
D:1:      mrwooster_arrival_statue_3, layout_basic, serial_rivers,
          chequers_serial_rivers_marsh, chequers_serial_rivers_marsh,
          chequers_serial_rivers_small_b, chequers_serial_rivers_micro_e,
          chequers_serial_rivers_micro_b, chequers_serial_rivers_large_a
D:2:      layout_loops_ring, nicolae_ecumenical_lake_church, basic_altar,
          nrook_mini_backslash, minmay_goblin_kobold_house
D:3:      layout_loops_ring, serial_shops, shop, palyth_stone_intersect
D:4:      layout_loops_cross, nicolae_overflow_hidden_temple

Skill      XL: |  1  2  3  4 |
---------------+-------------+-----
Fighting       | 1 |  1.9
Unarmed Combat | 1 2 3 |  3.9
Throwing       | 1 2 |  2.6
Dodging        | |  1.7
Stealth        | |  2.1
Spellcasting   | |  1.7
Summonings     | |  3.6

Action                   |  1- 3 |  4- 6 || total
-------------------------+-------+-------++-------
Melee: Unarmed           |   134 |   109 ||   243
       Punch             |     2 |     5 ||     7
 Stab: Sleeping          |       |     1 ||     1
Armor: Robe              |    15 |       ||    15
       Ring mail         |     8 |    10 ||    18
       Plate armour      |       |    38 ||    38
Dodge: Dodged            |    65 |    30 ||    95
